 Dungeon Crawl Stone Soup version 0.26-a0-1191-ge2a0e31ab3 (webtiles) character file.

Game seed: 6208035803497314420

25 LufLufFighter the Changer (level 3, -2/27 HPs)
             Began as a Merfolk Transmuter on Dec 28, 2020.
             Slain by a hobgoblin
             ... wielding a cursed -2 club
              (5 damage)
             ... on level 2 of the Dungeon.
             The game lasted 00:01:46 (1682 turns).

LufLufFighter the Changer (Merfolk Transmuter)      Turns: 1682, Time: 00:01:47

Health: -2/27      AC:  2    Str: 11    XL:     3   Next: 4%
Magic:  6/6        EV: 13    Int: 12    God:
Gold:   30         SH:  0    Dex: 14    Spells: 3/6 levels left

rFire    . . .     SeeInvis .     - Unarmed
rCold    . . .     Faith    .   (no shield)
rNeg     . . .     Spirit   .   a - +0 robe
rPois    .         Reflect  .   (helmet currently unavailable)
rElec    .         Harm     .   (no cloak)
rCorr    .         Rampage  .   (no gloves)
Will     .....                  (boots currently unavailable)
Stlth    +.........             (no amulet)
HPRegen  0.09/turn              (no ring)
MPRegen  0.10/turn              (no ring)

@: appendages (expiring)
A: change form in water, swift swim, stealthy swim, horns 2
a: End Transformation


You were on level 2 of the Dungeon.
You had grown temporary horns.
You visited 1 branch of the dungeon, and saw 2 of its levels.

You collected 30 gold pieces.

Inventory:

Armour
 a - a +0 robe (worn)
 d - a +0 buckler
Potions
 b - a potion of berserk rage {unknown}
 c - a potion of flight {unknown}


   Skills:
 * Level 2.0 Fighting
 - Level 2.6 Dodging
 - Level 3.2 Unarmed Combat
 * Level 2.4 Spellcasting
 * Level 3.4 Transmutations


You had 3 spell levels left.
You knew the following spells:

 Your Spells              Type           Power        Failure   Level
a - Beastly Appendage     Tmut           18%          6%          1
b - Wereblood             Tmut           9%           10%         2

Your spell library contained the following spells:

 Spells                   Type           Power        Failure   Level
 Spider Form              Tmut/Pois      2%           36%         3
 Ice Form                 Ice/Tmut       5%           78%         4
 Blade Hands              Tmut           4%           87%         5


Dungeon Overview and Level Annotations

Branches:
Dungeon (2/15)

Altars:


Innate Abilities, Weirdness & Mutations

You revert to your normal form in water.
You are very nimble and swift while swimming.
You are very stealthy in the water. (Stealth+)
You have a pair of horns on your head.


Message History

You hit the jackal.
The jackal is almost dead.
The jackal barely misses you. The hobgoblin closely misses you.
You barely miss the jackal.
The jackal is almost dead.
The jackal barely misses you.
The hobgoblin hits you with a cursed -2 club.
* * * LOW HITPOINT WARNING * * *
The jackal barely misses you.
Unknown command.
Your transformation is almost over.
You hit the jackal.
You kill the jackal!
You hit the hobgoblin.
The hobgoblin is heavily wounded.
The hobgoblin hits you but does no damage.
You hit the hobgoblin but do no damage.
The hobgoblin is moderately wounded.
The hobgoblin hits you with a cursed -2 club.
You die...

### ..# #.#
#.# #@# #g#
...........#
.....##.##.#
.... #.# #
... #.# ..
..# . #.#
##.


You could see a hobgoblin.

Vanquished Creatures
  A dart slug (D:1)
  2 leopard geckos (D:1)
  A bat (D:1)
  A giant cockroach (D:1)
  A goblin (D:1)
  3 hobgoblins (D:1)
  4 jackals
  4 kobolds (D:1)
  A rat (D:1)
18 creatures vanquished.

Notes
Turn   | Place    | Note
-------+----------+-------------------------------------------
     0 | D:1      | LufLufFighter the Merfolk Transmuter began the quest for
                  | the Orb.
     0 | D:1      | Reached XP level 1. HP: 15/15 MP: 3/3
   226 | D:1      | Reached XP level 2. HP: 8/21 MP: 3/5
   889 | D:1      | Learned a level 2 spell: Wereblood
  1633 | D:1      | Reached XP level 3. HP: 17/27 MP: 6/6
  1682 | D:2      | Slain by a hobgoblin

Illustrated notes

Levels and vault maps discovered:
D:1:      elethiomel_arrival_quiet, layout_rooms
D:2:      layout_loops_cross, eino_curves_04, uniq_crazy_yiuf_cottage

Skill      XL: |  1  2 |
---------------+-------+-----
Transmutations | 3 |  3.4
Fighting       | 2 |  2.0
Dodging        | |  2.6
Unarmed Combat | |  3.2
Spellcasting   | |  2.4

Action                   || total
-------------------------++-------
Melee: Unarmed           ||    85
       Headbutt          ||    12
       Punch             ||     1
 Cast: Beastly Appendage ||    11
Armor: Robe              ||    14
Dodge: Dodged            ||    94

Table legend: (Time is in decaauts)
 A = Elapsed time spent in this place.
 B = Non-inter-level travel time spent in this place.
 C = Inter-level travel time spent in this place.
 D = Time resting spent in this place.
 E = Time spent auto-exploring this place.
 F = Levels seen in this place.
 G = Mean time per level.
                   A        B        C        D        E       F      G
               +--------+--------+--------+--------+--------+-----+--------+
         Total |   1676 |   1676 |      0 |   1001 |    456 |   2 |  838.0 |
       Dungeon |   1676 |   1676 |      0 |   1001 |    456 |   2 |  838.0 |
               +--------+--------+--------+--------+--------+-----+--------+

Top non-repeatable levels by time:
     D:1: 1663 daAuts
     D:2: 13 daAuts
